 Dungeon Crawl Stone Soup version 0.19-a0-1895-g783e625 (webtiles) character file.

133 rme2001 the Poker (level 5, -4/42 HPs)
             Began as a Merfolk Gladiator on Oct 18, 2016.
             Slain by Nuatha's ghost (7 damage)
             ... on level 3 of the Dungeon.
             The game lasted 00:20:13 (2608 turns).

rme2001 the Poker (Merfolk Gladiator)               Turns: 2608, Time: 00:20:13

Health: -4/42      AC:  5    Str: 16    XL:     5   Next: 16%
Magic:  5/5        EV: 15    Int: 12    God:
Gold:   101        SH:  0    Dex: 15    Spells: 0 memorised, 4 levels left

rFire  . . .     SeeInvis .     a - +1 trident
rCold  . . .     Gourm    +     b - +0 leather armour
rNeg   . . .     Faith    .     (no shield)
rPois  .         Spirit   .     c - +0 helmet
rElec  .         Reflect  .     (no cloak)
rCorr  .         Harm     .     (no gloves)
MR     .....                    i - +0 pair of boots (curse)
Stlth  +.........               e - amulet of the gourmand
                                (no ring)
                                (no ring)

@: brilliant
A: change form in water, swift swim, stealthy swim
a: no special abilities


You were on level 3 of the Dungeon.
You were full.

You visited 1 branch of the dungeon, and saw 3 of its levels.

You collected 101 gold pieces.

Inventory:

Hand Weapons
 a - a +1 trident (weapon)
Armour
 b - a +0 leather armour (worn)
 c - a +0 helmet (worn)
 g - a +0 robe
 i - a cursed +0 pair of boots (worn)
Jewellery
 e - an amulet of the gourmand (around neck)
Scrolls
 l - 3 scrolls of enchant weapon
Potions
 j - a potion of flight
Comestibles
 f - 2 bread rations


   Skills:
 + Level 3.8 Fighting
 + Level 5.8 Polearms
 - Level 2.0 Throwing
 + Level 5.4 Dodging


You had 4 spell levels left.
You didn't know any spells.

Dungeon Overview and Level Annotations

Branches:
Dungeon (3/15)

Altars:

Annotations:
D:3 Ijyb; Nuatha's ghost, amateur SpAK


Message History

Press: ? - help, Dir - move target cursor, f/p - hobgoblin
Aim: a hobgoblin, wielding a club (almost dead)
You hit the hobgoblin.
You kill the hobgoblin!
Nuatha's ghost barely misses you.
Attack whom?
Press: ? - help, Dir - move target cursor, f - Nuatha's ghost
Aim: Nuatha's ghost You miss Nuatha's ghost.
Nuatha's ghost barely misses you. The rat misses you.
Attack whom?
Press: ? - help, Dir - move target cursor, f - rat, p - Nuatha's ghost
Aim: a rat You puncture the rat!
You kill the rat!
Nuatha's ghost misses you.
Nuatha's ghost hits you but does no damage.
Things that are here:
a club; a rat corpse Nuatha's ghost hits you!
You die... g.g

... ... #.# ######
#.# # .....#
#.######## ##
####.# #........#
#. #.# #.######.#
#. #.# #.# #)# #.
#.# #.# #W# #. #.#
#.# #@# ##
#.####.######.# #
#...........#.# #
######.#.##.#.# #
#######.#.# #.# #
# ..........# #.#
##. ### #
....)....[......#
#... ..# ##
.##..#.......#.###
#(..##.##.##
..##$#.......# #
#........##


You could see Nuatha's ghost.

Vanquished Creatures
  Jessica (D:3)
  Terence (D:2)
  An adder (D:3)
  A dart slug (D:1)
  3 leopard geckos
  An orc (D:3)
  8 bats
  5 giant cockroaches
  6 goblins
  8 hobgoblins
  6 jackals
  8 kobolds
  2 quokkas (D:3)
  A ball python (D:3)
  4 frilled lizards
  9 rats
65 creatures vanquished.

Notes
Turn   | Place    | Note
-------+----------+-------------------------------------------
     0 | D:1      | rme2001 the Merfolk Gladiator began the quest for the Orb.
     0 | D:1      | Reached XP level 1. HP: 16/16 MP: 1/1
   158 | D:1      | Reached XP level 2. HP: 22/23 MP: 2/2
   610 | D:1      | Reached XP level 3. HP: 29/29 MP: 3/3
  1383 | D:3      | Noticed Terence
  1395 | D:2      | Killed Terence
  1395 | D:2      | Reached skill level 5 in Polearms
  1395 | D:2      | Reached skill level 5 in Dodging
  1395 | D:2      | Reached XP level 4. HP: 19/35 MP: 4/4
  1932 | D:3      | Noticed Jessica
  2294 | D:3      | Noticed Nuatha's ghost (amateur SpAK)
  2498 | D:3      | Killed Jessica
  2498 | D:3      | Reached XP level 5. HP: 34/42 MP: 5/5
  2528 | D:3      | Noticed Ijyb
  2602 | D:3      | HP: 2/42 [Nuatha's ghost (4)]
  2608 | D:3      | Slain by Nuatha's ghost

Vault maps used:
D:1:      minmay_arrival_semitransparent
D:3:      marbit_many_paths, dk_vineyard_2, uniq_terence, uniq_jessica,
          uniq_iyjb

Skill      XL: |  1  2  3 |
---------------+----------+-----
Fighting       | 3 |  3.8
Polearms       | 5 |  5.8
Dodging        | 5 |  5.4
Throwing       | |  2.0

Action                   |  1- 3 |  4- 6 || total
-------------------------+-------+-------++-------
Melee: Trident           |   129 |   105 ||   234
Throw: Throwing net      |       |     3 ||     3
  Use: Potion            |     2 |     3 ||     5
       Scroll            |     5 |     5 ||    10
 Stab: Sleeping          |     1 |     3 ||     4
  Eat: Chunk             |    20 |       ||    20
Armor: Leather armour    |    20 |    17 ||    37
Dodge: Dodged            |    78 |    75 ||   153
